 Dungeon Crawl Stone Soup version 0.19.1 (webtiles) character file.

91 M4edhros the Sneak (level 4, 0/28 HPs)
             Began as an Octopode Artificer on Dec 26, 2016.
             Succumbed to an adder's poison
             ... on level 3 of the Dungeon.
             The game lasted 00:01:19 (1025 turns).

M4edhros the Sneak (Octopode Artificer)             Turns: 1025, Time: 00:01:20

Health: 0/28       AC:  1    Str: 11    XL:     4   Next: 57%
Magic:  6/6        EV: 13    Int: 13    God:
Gold:   87         SH:  0    Dex: 13    Spells: 0 memorised, 3 levels left

rFire  . . .     SeeInvis .     l - +1 dagger (venom)
rCold  . . .     Gourm    .     (no shield)
rNeg   . . .     Faith    .     (helmet restricted)
rPois  .         Spirit   .     (no amulet)
rElec  .         Reflect  .     (no ring)
rCorr  .         Harm     .     (no ring)
MR     .....                    (no ring)
Stlth  ++++......               (no ring)
                                (no ring)
                                (no ring)
                                (no ring)
                                (no ring)

@: lethally poisoned (0 -> -7)
A: almost no armour, stealthy swim, amphibious, 8 rings, constrict 8, camouflage
1, gelatinous body 1
a: no special abilities


You were on level 3 of the Dungeon.
You were not hungry.

You visited 1 branch of the dungeon, and saw 3 of its levels.

You collected 87 gold pieces.

Inventory:

Hand Weapons
 a - a +0 short sword
 l - a +1 dagger of venom (weapon)
Missiles
 n - 45 sling bullets
Wands
 b - a wand of flame (14/48)
 c - a wand of enslavement (15/24)
 d - a wand of random effects (15/48)
Scrolls
 e - a scroll of enchant weapon {unknown}
 g - 2 scrolls of remove curse {unknown}
 h - a scroll of fog {unknown}
 j - a scroll of immolation {unknown}
 k - a scroll of recharging {unknown}
 m - a scroll of teleportation {unknown}
Comestibles
 f - 2 bread rations
 i - 2 meat rations
 o - a slice of pizza
 p - a beef jerky


   Skills:
 - Level 1.0 Fighting
 - Level 1.0 Short Blades
 - Level 2.0 Dodging
 + Level 6.1 Stealth
 - Level 3.2 Evocations


You had 3 spell levels left.
You didn't know any spells.

Dungeon Overview and Level Annotations

Branches:
Dungeon (3/15)

Altars:
Makhleb
Nemelex Xobeh
Ru


Innate Abilities, Weirdness & Mutations

You cannot wear most types of armour.
You are very stealthy in the water. (Stealth+)
You are amphibious.
You can wear up to eight rings at the same time.
You can use your tentacles to constrict eight enemies at once.
Your skin changes colour to match your surroundings (Stealth+).
Your rubbery body absorbs attacks. (AC +1, EV +1)


Message History

You open the door.
A giant cockroach and a hobgoblin come into view.
* * * LOW HITPOINT WARNING * * *
You feel sick.
An orc comes into view. It is wielding a club.
* * * LOW HITPOINT WARNING * * *
You feel sick.
Found 13 poisoned needles.
There is an open door here.
You are too injured to fight recklessly!
The helpless giant cockroach fails to defend itself.
You impale the giant cockroach!!
You kill the giant cockroach!
* * * LOW HITPOINT WARNING * * *
You feel sick.
* * * LOW HITPOINT WARNING * * *
You feel sick.
* * * LOW HITPOINT WARNING * * *
You feel sick.
You die...

#... ... ... #.#
#.# #####
#.#########
......###..........
### #.g@......# ..#
#.###..'#######+
#.### #
#..#...#...# ....#
.(...#.).#...#
.)..#####
..##..##.......#
.........
#..####._.###
....#####
....#..†....###
....# ###
##...#...#.†.#.#
...####... o.
#...#...#.#


You could see a hobgoblin (sleeping).

Vanquished Creatures
  An orc wizard (D:3)
  3 adders
  A dart slug (D:1)
  A leopard gecko (D:3)
  2 ball pythons (D:1)
  A bat (D:1)
  3 giant cockroaches
  5 goblins
  2 hobgoblins
  4 jackals (D:1)
  2 kobolds
  2 frilled lizards
  3 rats
30 creatures vanquished.

Notes
Turn   | Place    | Note
-------+----------+-------------------------------------------
     0 | D:1      | M4edhros the Octopode Artificer began the quest for the Orb.
     0 | D:1      | Reached XP level 1. HP: 13/13 MP: 3/3
    39 | D:1      | Reached skill level 2 in Stealth
   111 | D:1      | Reached skill level 3 in Stealth
   111 | D:1      | Reached XP level 2. HP: 15/18 MP: 4/4
   564 | D:1      | Reached skill level 4 in Stealth
   658 | D:2      | Reached XP level 3. HP: 23/23 MP: 5/5
   740 | D:2      | Found a sparkling altar of Nemelex Xobeh.
   809 | D:2      | Found a burning altar of Makhleb.
   996 | D:3      | Found a sacrificial altar of Ru.
  1004 | D:3      | Reached skill level 5 in Stealth
  1004 | D:3      | Reached XP level 4. HP: 26/28 MP: 6/6
  1012 | D:3      | Reached skill level 6 in Stealth
  1024 | D:3      | HP: 1/28 [poisoned by an adder]
  1025 | D:3      | Succumbed to an adder's poison

Skill      XL: |  1  2  3  4 |
---------------+-------------+-----
Stealth        | 3 4 5 6 |  6.1
Fighting       | |  1.0
Short Blades   | |  1.0
Dodging        | |  2.0
Evocations     | |  3.2

Action                   |  1- 3 |  4- 6 || total
-------------------------+-------+-------++-------
Melee: Short sword       |    28 |       ||    28
       Constrict         |    10 |     2 ||    12
       Tentacles         |     5 |     1 ||     6
       Dagger            |    13 |     8 ||    21
Evoke: Wand              |     1 |       ||     1
  Use: Potion            |     2 |       ||     2
 Stab: Sleeping          |    14 |     1 ||    15
Armor: Skin              |     1 |       ||     1
Dodge: Dodged            |    13 |     2 ||    15
